 Dungeon Crawl Stone Soup version 0.30-a0-165-g1891117ce2 (webtiles) character file.

Game seed: 4109241118331477834

389 bande the Chopper (level 6, -1/38 HPs)
             Began as a Gargoyle Fighter on Sept 28, 2022.
             Slain by an orc priest
             ... wielding a +2 vorpal hand axe
              (3 damage)
             ... on level 3 of the Dungeon.
             The game lasted 00:04:39 (2638 turns).

bande the Chopper (Gargoyle Fighter)                Turns: 2638, Time: 00:04:40

Health: -1/38      AC: 19    Str: 20    XL:     6   Next: 79%
Magic:  6/6        EV: 11    Int:  8    God:
Gold:   143        SH: 10    Dex: 11    Spells: 5/5 levels left

rFire   . . .      SeeInvis .    a - +1 war axe
rCold   + . .      Faith    .    c - +0 buckler
rNeg    + . .      Spirit   .    d - +0 chain mail
rPois   ∞          Reflect  +    k - +1 helmet
rElec   +          Harm     .    (no cloak)
rCorr   .          Rampage  .    o - +1 pair of gloves
Will    .....                    s - +0 pair of boots
Stlth   ..........               t - amulet of reflection
HPRegen 0.12/turn                p - ring of protection from cold
MPRegen 0.10/turn                l - +4 ring of evasion

@: no status effects
A: sickness immunity, AC +4, negative energy resistance 1, electricity
resistance, torment resistance 1, petrification resistance
a: no special abilities


You were on level 3 of the Dungeon.
You visited 1 branch of the dungeon, and saw 3 of its levels.

You collected 143 gold pieces.

Inventory:

Hand Weapons
 a - a +1 war axe (weapon)
Armour
 c - a +0 buckler (worn)
 d - a +0 chain mail (worn)
 k - a +1 helmet (worn)
 o - a +1 pair of gloves (worn)
 s - a +0 pair of boots (worn)
Jewellery
 e - a +6 ring of intelligence
 l - a +4 ring of evasion (right hand)
 p - a ring of protection from cold (left hand)
 q - an amulet of the acrobat
 t - an amulet of reflection (around neck)
 x - a ring of fire
Scrolls
 b - a scroll of summoning
 h - a scroll of teleportation
 u - a scroll of butterflies {unknown}
 v - a scroll of enchant weapon
Potions
 f - 3 potions of haste
 g - 2 potions of flight {unknown}
 i - a potion of attraction {unknown}
 j - 2 potions of degeneration {unknown}
 m - a potion of curing {unknown}
 n - a potion of brilliance {unknown}
 r - a potion of lignification {unknown}
 w - a potion of heal wounds {unknown}


   Skills:
 + Level 4.2 Fighting
 + Level 4.6 Axes
 + Level 4.6 Armour
 + Level 4.4 Shields


You had 5 spell levels left.
You didn't know any spells.
Your spell library contained the following spells:

 Spells                   Type           Power      Damage    Failure   Level
 Blink                    Tloc           0%         N/A       100%        2
 Dazzling Flash           Conj/Hex       0%         N/A       100%        3
 Animate Dead             Necr           0%         N/A       100%        4
 Manifold Assault         Tloc           0%         N/A       100%        4
 Agony                    Necr           0%         N/A       100%        5
 Silence                  Hex/Air        0%         N/A       100%        5
 Haunt                    Necr/Summ      0%         N/A       100%        7
 Storm Form               Tmut/Air       0%         N/A       100%        7
 Infestation              Necr           0%         N/A       100%        8


Dungeon Overview and Level Annotations

Branches:
Dungeon (3/15)

Altars:
Makhleb
Okawaru

Annotations:
D:3 3 runed translucent doors


Innate Abilities, Weirdness & Mutations

You are immune to sickness and miasma.
Your stone body is resilient. (AC +4)
You are immune to poison.
You resist negative energy. (rN+)
You are resistant to electric shocks. (rElec)
You are resistant to unholy torment.
You are immune to petrification.


Message History

Unknown command.
You're too confused to move!
You hear some strange, mumbled words.
A magic dart appears from out of thin air!
The magic dart hits you. The orc hits you but does no damage.
The orc priest hits you but does no damage.
Unknown command.
You're too confused to move!
Something hits you but does no damage. The orc priest closely misses you.
The orc hits you but does no damage.
Unknown command.
Something hits you.
You feel less confused. Something hits you but does no damage.
The orc priest calls down the wrath of Beogh upon you.
Beogh smites you!
Unknown command.
You barely miss the orc priest. You slash the orc!
You kill the orc!
You hit something but do no damage. Something hits you.
* * * LOW HITPOINT WARNING * * *
The orc priest hits you with a +2 vorpal hand axe.
* * * LOW HITPOINT WARNING * * *
x2 You hit the orc priest.
The orc priest is lightly wounded.
You closely miss the rat. You closely miss something.
Something completely misses you. The rat bites you but does no damage.
The orc priest miscasts a cantrip.
Unknown command.
You hit the orc priest.
The orc priest is lightly wounded.
You barely miss something. You closely miss the rat.
Something hits you but does no damage. The rat barely misses you.
You block the orc priest's attack.
You hear some strange, mumbled words.
A magic dart appears from out of thin air!
The magic dart hits you.
* * * LOW HITPOINT WARNING * * *
The rat misses you.
The orc priest hits you with a +2 vorpal hand axe.
You die...

#.###...##.......≈# #.##....
#......).'.......≈# #.##....
##########.......≈# #.##....
#...........≈## ##.##....
#........##.≈≈######..###'#.
#........##...........# #.##
#........##...........###.##
#.....................#.....
#.........)@..........#.....
#.........{or.........#.....
...........)###########.....
.......... #.....
........... #.....
............ #.....
............. #.....
.............# ######
............#


You could see an orc priest and a rat.

Vanquished Creatures
  2 kobold brigands (D:3)
  An orc priest (D:3)
  An orc wizard (D:3)
  Natasha (thrice) (D:3)
  4 adders
  6 orcs (D:3)
  7 bats
  7 endoplasms
  5 giant cockroaches
  5 goblins
  7 hobgoblins
  4 jackals (D:1)
  12 kobolds
  A quokka (D:1)
  3 ball pythons
  3 frilled lizards
  7 rats
78 creatures vanquished.

Notes
Turn   | Place    | Note
-------+----------+-------------------------------------------
     0 | D:1      | bande the Gargoyle Fighter began the quest for the Orb.
     0 | D:1      | Reached XP level 1. HP: 14/14 MP: 1/1
   129 | D:1      | Reached XP level 2. HP: 19/19 MP: 2/2
   638 | D:1      | Reached XP level 3. HP: 23/23 MP: 3/3
  1511 | D:2      | Reached XP level 4. HP: 28/28 MP: 4/4
  1801 | D:3      | Found a runed translucent gate.
  1801 | D:3      | Found a runed translucent gate.
  1801 | D:3      | Found a runed translucent gate.
  1829 | D:3      | Found a burning altar of Makhleb.
  1840 | D:3      | Reached XP level 5. HP: 29/33 MP: 5/5
  1885 | D:3      | Noticed Natasha
  1887 | D:3      | Killed Natasha
  1895 | D:3      | Found an iron altar of Okawaru.
  2046 | D:3      | Noticed Natasha
  2064 | D:3      | Killed Natasha
  2127 | D:3      | Noticed Natasha
  2134 | D:3      | Killed Natasha
  2135 | D:3      | Reached XP level 6. HP: 34/38 MP: 6/6
  2638 | D:3      | Slain by an orc priest

Illustrated notes

Levels and vault maps discovered:
D:1:      dpeg_arrival_brainrot, layout_rooms
D:2:      layout_loops_ring, minmay_pentomino_s2
D:3:      cheibrodos_thug_alley, layout_basic, lightli_temple_of_fire,
          mainiacjoe_overflow_paths, bloody_makhleb, gammafunk_ghost_icy,
          uniq_natasha

Skill      XL: |  1  2  3  4  5 |
---------------+----------------+-----
Axes           | 2 3 4 |  4.6
Armour         | 4 |  4.6
Shields        | 4 |  4.4
Fighting       | 4 |  4.2

Action                   |  1- 3 |  4- 6 || total
-------------------------+-------+-------++-------
Melee: War axe           |   135 |   110 ||   245
  Use: Scroll            |     5 |     1 ||     6
       Potion            |       |     1 ||     1
Armor: Scale mail        |    69 |     7 ||    76
       Chain mail        |       |    61 ||    61
Dodge: Dodged            |    95 |    58 ||   153
Block: Buckler           |    32 |    56 ||    88

Table legend: (Time is in decaauts)
 A = Elapsed time spent in this place.
 B = Non-inter-level travel time spent in this place.
 C = Inter-level travel time spent in this place.
 D = Time resting spent in this place.
 E = Time spent auto-exploring this place.
 F = Levels seen in this place.
 G = Mean time per level.
                   A        B        C        D        E       F      G
               +--------+--------+--------+--------+--------+-----+--------+
         Total |   2759 |   2678 |     81 |    236 |   1768 |   3 |  919.7 |
       Dungeon |   2759 |   2678 |     81 |    236 |   1768 |   3 |  919.7 |
               +--------+--------+--------+--------+--------+-----+--------+

Top non-repeatable levels by time:
     D:1: 979 daAuts
     D:3: 918 daAuts
     D:2: 861 daAuts
